AoeStats
← joosephy

MegaRandom

507669682Analyzed
4v4 RM · 13d ago on Sep 19, 2026· 36m 57s· 8 players
Game mode
Random Map
Map size
Large (8 player)
Population
200
Speed
Normal
Resources
Standard
Victory
Conquest
Starting age
Dark Age
Ending age
Imperial Age
RankedLock teamsTeams togetherTeam positionsShared explorationLock speedFull tech treeHidden civsTurbo modeCheats
Victory
Defeat
1794
+7
🇺🇸 Lithuanians · United States
1507
+17
🇦🇺 Portuguese · Australia
1462
+19
🇺🇸 Malians · United States
1413
+20
🇮🇱 Celts · Israel
1570
-17
🇹🇼 Hindustanis · Taiwan
1551
-16
🇺🇸 Teutons · United States
1527
-15
🇺🇸 Koreans · United States
1518
-15
Eat_Rice
6:37 Loom
9:48 Feudal Age
15:22 Bloodlines
17:25 Double-Bit Axe
21:38 Scale Barding Armor
26:42 Castle Age
25:46 Horse Collar
26:28 Gold Mining
28:02 Chain Barding Armor
27:58 Bow Saw
30:08 Forging
Darth Yoda
8:17 Loom
10:30 Feudal Age
11:03 Double-Bit Axe
13:14 Fletching
15:48 Horse Collar
19:59 Wheelbarrow
23:52 Castle Age
23:02 Gold Mining
24:30 Bodkin Arrow
23:57 Crossbowman
24:50 Bow Saw
32:53 Gold Shaft Mining
33:43 Hand Cart
36:14 Ballistics
joosephy
9:28 Loom
11:57 Feudal Age
12:49 Double-Bit Axe
20:15 Wheelbarrow
23:31 Castle Age
33:32 Forging
33:57 Bow Saw
34:15 Scale Barding Armor
35:19 Bloodlines
35:14 Husbandry
35:30 Town Watch
Wavelogic
5:15 Loom
11:29 Feudal Age
15:29 Castle Age
13:41 Double-Bit Axe
14:53 Horse Collar
22:06 Scale Mail Armor
24:53 Bow Saw
28:42 Chain Mail Armor
30:47 Forging
31:47 Town Watch
33:25 Fletching
33:49 Pikeman
Gideon the Hero
6:11 Loom
9:54 Feudal Age
10:21 Double-Bit Axe
10:17 Horse Collar
15:50 Forging
17:47 Wheelbarrow
18:28 Scale Barding Armor
24:46 Castle Age
23:24 Scale Mail Armor
23:11 Arson
23:27 Gold Mining
23:27 Stone Mining
23:27 Gold Mining
23:27 Stone Mining
23:55 Bloodlines
24:47 Light Cavalry
25:38 Bow Saw
25:29 Heavy Plow
26:10 Husbandry
26:59 Chain Barding Armor
27:14 Iron Casting
26:59 Chain Barding Armor
28:09 Town Watch
36:08 Imperial Age
33:48 Squires
33:26 Man-at-Arms
35:05 Iron Casting
35:01 Chain Mail Armor
34:30 Pikeman
34:30 Long Swordsman
36:34 Hand Cart
36:20 Town Patrol
37:22 Plate Mail Armor
36:17 Two-Handed Swordsman
caterpie
6:33 Loom
8:43 Feudal Age
9:16 Double-Bit Axe
11:03 Fletching
18:00 Wheelbarrow
18:34 Padded Archer Armor
23:56 Castle Age
22:21 Scale Barding Armor
23:00 Horse Collar
24:43 Bloodlines
24:43 Husbandry
26:54 Bow Saw
27:27 Forging
28:44 Chain Barding Armor
32:58 Iron Casting
33:04 Scale Mail Armor
34:32 Chain Mail Armor
34:07 Pikeman
34:48 Squires
35:28 Man-at-Arms
35:54 Arson
Ginger lee fondle your meatballs
9:30 Feudal Age
10:02 Double-Bit Axe
9:58 Horse Collar
10:27 Loom
17:18 Scale Barding Armor
17:23 Forging
22:23 Castle Age
21:07 Bloodlines
21:35 Gold Mining
23:32 Husbandry
25:59 Gold Shaft Mining
26:13 Chain Barding Armor
26:52 Town Watch
32:21 Iron Casting
Soma
6:54 Loom
9:20 Feudal Age
13:39 Wheelbarrow
12:52 Town Watch
14:06 Fletching
24:07 Castle Age
23:54 Gold Mining
23:49 Double-Bit Axe
23:45 Horse Collar
23:54 Horse Collar
24:24 Crossbowman
25:39 Bodkin Arrow
28:04 Padded Archer Armor
30:23 Ballistics
32:26 Leather Archer Armor
36:02 Wheelbarrow
35:28 Heavy Plow
35:40 Bow Saw
Connection lost

Rejoining the realm…

Still unreachable

The connection could not be restored.

Session expired

The server has moved on; the page needs a fresh start.